[Event "Titled Tuesday Blitz March 14 Late 2023"]
[White "Fan_Of_Chucky"]
[Black "Zamorano, Jorge"]
[BlackFideId "173770"]
[WhiteElo "2342"]
[BlackElo "2331"]
[Result "1/2-1/2"]
[Round "08"]
[TimeControl "180+2"]
[Date "2023.03.14"]
[WhiteClock "0:00:03"]
[BlackClock "0:00:04"]

1. d4 Nf6 2. c4 e6 3. Nf3 b6 4. a3 Bb7 5. Nc3 d5 6. cxd5 Nxd5 7. e4 Nxc3 8. bxc3 Bxe4 9. Ne5 Bd6 10. Qg4 Bg6 11. Bb5+ Kf8 12. f4 Bxe5 13. fxe5 Qd5 14. a4 Qe4+ 15. Qxe4 Bxe4 16. Ba3+ Kg8 17. O-O Bc6 18. Rf2 Bxb5 19. axb5 Nd7 20. Raf1 f5 21. exf6 gxf6 22. Be7 f5 23. d5 Re8 24. dxe6 Rxe7 25. exd7 Rxd7 26. Rxf5 h6 27. Ra1 Kg7 28. Rxa7 Re8 29. h3 Re3 30. c4 Rc3 31. Rf4 h5 32. Kh2 Rc2 33. Kg3 Kg6 34. Ra8 Rd3+ 35. Kh2 Kg7 36. Rc8 Rdd2 37. Rxc7+ Kg8 38. Rc8+ Kg7 39. Rc7+ Kg6 40. Rc6+ Kg5 41. Re4 Rxg2+ 42. Kh1 Rh2+ 43. Kg1 Rhd2 44. Re1 Kh4 45. Rxb6 Rxc4 46. Rbe6 Rcc2 47. R6e4+ Kg5 48. Re5+ Kg6 49. Re6+ Kg5 50. R6e5+ Kg6 51. b6 Rb2 52. Re6+ Kg5 53. R6e5+ Kh4 54. R5e4+ Kg5 55. Re5+ Kg6 56. Re6+ Kg5 57. R6e5+ 1/2-1/2


[Site "https://www.chess.com"]

[Event "Titled Tuesday Blitz March 14 Late 2023"]
[White "Rodrigues, Tiago Pereira"]
[Black "Blanco Acevedo, Cristobal Jose"]
[WhiteFideId "2101203"]
[BlackFideId "3900525"]
[WhiteElo "2168"]
[BlackElo "2278"]
[Result "0-1"]
[Round "08"]
[TimeControl "180+2"]
[Date "2023.03.14"]
[WhiteClock "0:00:50"]
[BlackClock "0:00:29"]

1. e4 c5 2. Nf3 Nc6 3. d3 g6 4. Nbd2 Bg7 5. Be2 e5 6. a4 d5 7. exd5 Qxd5 8. Nc4 Nge7 9. O-O O-O 10. Ng5 h6 11. Bf3 Qd7 12. Ne4 b6 13. Ned6 Ba6 14. Re1 Rad8 15. Nb5 f6 16. Bg4 f5 17. Bf3 Nd5 18. Bd2 Nf4 19. Bxf4 exf4 20. Bxc6 Qxc6 21. Nxa7 Qf6 22. Nb5 Bb7 23. f3 g5 24. Qe2 Bd5 25. Nba3 g4 26. Qf2 Qg5 27. Kf1 Bd4 28. Qd2 gxf3 29. g3 Qg4 0-1


[Site "https://www.chess.com"]

[Event "Titled Tuesday Blitz March 14 Late 2023"]
[White "Cuenca Jimenez, Jose Fernando"]
[Black "Ronka, Erik"]
[WhiteFideId "2255570"]
[BlackFideId "505080"]
[WhiteElo "2429"]
[BlackElo "2264"]
[Result "1-0"]
[Round "08"]
[TimeControl "180+2"]
[Date "2023.03.14"]
[WhiteClock "0:01:04"]
[BlackClock "0:00:20"]

1. c4 f5 2. d4 e6 3. a3 Nf6 4. Nc3 d6 5. e3 g6 6. h4 e5 7. h5 Rg8 8. hxg6 hxg6 9. Nf3 Qe7 10. Qc2 Nc6 11. d5 Nd8 12. b4 Nf7 13. Bb2 Bd7 14. O-O-O c6 15. Kb1 cxd5 16. cxd5 Rc8 17. Qb3 Nd8 18. Bb5 Bxb5 19. Nxb5 a6 20. Nxd6+ Qxd6 21. Bxe5 Qb6 22. d6 Qc6 23. Bxf6 Qe4+ 24. Ka1 Bg7 25. d7+ Kf8 26. Bxg7+ Rxg7 1-0


[Site "https://www.chess.com"]

[Event "Titled Tuesday Blitz March 14 Late 2023"]
[White "Kielinkei"]
[Black "Weetik, Vjacheslav"]
[BlackFideId "4153472"]
[WhiteElo "2427"]
[BlackElo "2469"]
[Result "0-1"]
[Round "08"]
[TimeControl "180+2"]
[Date "2023.03.14"]
[WhiteClock "0:00:19"]
[BlackClock "0:00:08"]

1. e4 c6 2. Nf3 d5 3. Nc3 dxe4 4. Nxe4 Nf6 5. Nxf6+ exf6 6. d4 Bd6 7. Be3 O-O 8. Bc4 Re8 9. Qd2 Nd7 10. O-O-O b5 11. Bb3 a5 12. a4 Nb6 13. axb5 a4 14. Ba2 a3 15. c4 Bf5 16. b4 cxb5 17. c5 Nc4 18. Bxc4 bxc4 19. cxd6 Qxd6 20. Qc3 Reb8 21. Kd2 Rxb4 22. Ra1 a2 23. Rhc1 Bd3 24. Ke1 g5 25. h3 h5 26. g3 Rb3 27. Qd2 Qd5 28. Qd1 Rb2 29. Bd2 g4 0-1


[Site "https://www.chess.com"]

[Event "Titled Tuesday Blitz March 14 Late 2023"]
[White "Davidson, Kevin"]
[Black "Ambartsumova, Karina"]
[WhiteFideId "2056810"]
[BlackFideId "4166299"]
[WhiteElo "2151"]
[BlackElo "2300"]
[Result "0-1"]
[Round "08"]
[TimeControl "180+2"]
[Date "2023.03.14"]
[WhiteClock "0:00:02"]
[BlackClock "0:00:12"]

1. e4 c5 2. Nf3 e6 3. d4 cxd4 4. Nxd4 a6 5. Nc3 b5 6. Bd3 Qb6 7. Nb3 Qc7 8. O-O Bb7 9. Re1 Nf6 10. e5 Nd5 11. Nxd5 Bxd5 12. Qg4 Nc6 13. Bf4 g6 14. c3 Bg7 15. Qg3 O-O 16. Rad1 Rac8 17. h4 Ne7 18. h5 Qb7 19. Bg5 Nf5 20. Qh3 f6 21. exf6 Bxf6 22. hxg6 hxg6 23. Bxf6 Rxf6 24. Nd4 Nxd4 25. cxd4 Rcf8 26. Qg3 Kg7 27. Rc1 Qb6 28. Rc7 R8f7 29. Rc8 Qxd4 30. Re2 Qf4 31. Qxf4 Rxf4 32. f3 Rd4 33. Be4 Bxa2 0-1


[Site "https://www.chess.com"]

[Event "Titled Tuesday Blitz March 14 Late 2023"]
[White "Kurtz, Eric M"]
[Black "Bochnicka, Vladimir"]
[WhiteFideId "30939763"]
[BlackFideId "14943450"]
[WhiteElo "2571"]
[BlackElo "2094"]
[Result "1-0"]
[Round "08"]
[TimeControl "180+2"]
[Date "2023.03.14"]
[WhiteClock "0:02:06"]
[BlackClock "0:00:38"]

1. c4 e5 2. g3 c6 3. d4 e4 4. Nc3 d5 5. cxd5 cxd5 6. Nh3 Nf6 7. Bg5 Bxh3 8. Bxh3 Nc6 9. O-O Bb4 10. Bxf6 gxf6 11. Rc1 h5 12. e3 h4 13. Kg2 Ne7 14. Qa4+ Nc6 15. Ne2 Bd6 16. Qb5 hxg3 17. hxg3 Kf8 18. Qxd5 Qe7 19. Bf5 Kg7 20. Qxe4 Rh5 21. Qxe7 Nxe7 22. Bd3 Ra5 23. a3 1-0


[Site "https://www.chess.com"]

[Event "Titled Tuesday Blitz March 14 Late 2023"]
[White "Pino Perez, Lazaro"]
[Black "Mendez Fortes, Eduardo Jesus"]
[WhiteFideId "3517055"]
[BlackFideId "3502376"]
[WhiteElo "2170"]
[BlackElo "2307"]
[Result "1-0"]
[Round "08"]
[TimeControl "180+2"]
[Date "2023.03.14"]
[WhiteClock "0:00:10"]
[BlackClock "0:00:51"]

1. d4 Nf6 2. Bf4 d5 3. e3 c5 4. Nf3 Nc6 5. Nbd2 cxd4 6. exd4 Bf5 7. c3 Qb6 8. Qb3 Qxb3 9. axb3 e6 10. b4 Ne4 11. b5 Nd8 12. Nxe4 Bxe4 13. Nd2 Bg6 14. Be2 Be7 15. O-O O-O 16. Ra5 a6 17. Rfa1 h6 18. bxa6 bxa6 19. Rxa6 Rxa6 20. Rxa6 Bc2 21. Rb6 f6 22. b4 Kf7 23. Bg3 Rh8 24. h4 g5 25. Nf1 f5 26. Be5 Rg8 27. Bh5+ Kf8 28. Ne3 Be4 29. Rb8 gxh4 30. Bd6 Bxd6 31. Rxd8+ Kg7 32. Rxd6 Kf6 33. Kh2 Rc8 34. Rd7 Rxc3 35. f4 e5 36. dxe5+ Ke6 37. Rd6+ Ke7 38. Nxd5+ Bxd5 39. Rxd5 Rc4 40. Rb5 Rxf4 41. Rb6 Re4 42. e6 f4 43. Bf3 Re3 44. Kh3 Kf6 45. Kxh4 Kf5 46. Kh3 Re1 47. Kh2 Re3 48. b5 h5 49. Rb8 Kxe6 50. Re8+ Kd7 51. Rxe3 fxe3 52. Bxh5 Kc7 53. Be2 Kb6 54. Kg3 Kc5 55. Kf3 Kd4 56. g4 Kc3 57. Kxe3 Kc2 58. g5 Kc1 59. g6 Kb2 60. g7 Kc1 61. g8=Q Kb2 62. Qc4 Ka1 63. Qd3 Kb2 64. Qd2+ Ka1 65. Kd3 Kb1 66. Kc3 Ka1 67. Qb2# 1-0


[Site "https://www.chess.com"]

[Event "Titled Tuesday Blitz March 14 Late 2023"]
[White "Postma, Dinant"]
[Black "Hoffmann, Asa"]
[WhiteFideId "1018612"]
[BlackFideId "2001470"]
[WhiteElo "2520"]
[BlackElo "2117"]
[Result "1-0"]
[Round "08"]
[TimeControl "180+2"]
[Date "2023.03.14"]
[WhiteClock "0:00:48"]
[BlackClock "0:01:40"]

1. d4 Nf6 2. Bg5 e6 3. e4 d6 4. Nc3 Be7 5. Nf3 c6 6. Bd3 d5 7. e5 Nfd7 8. Bxe7 Qxe7 9. Ne2 c5 10. c3 Nc6 11. O-O O-O 12. Rc1 f6 13. exf6 Qxf6 14. Bb1 b6 15. Ng3 g6 16. Re1 a5 17. Qd2 Ba6 18. h4 Rae8 19. h5 Kg7 20. Ng5 Nd8 21. Nxh7 Kxh7 22. Bxg6+ Kg7 23. Bxe8 Rxe8 24. Re3 Qh6 25. Rce1 Rf8 26. Qc2 Nf6 27. Rxe6 Nxe6 28. Nf5+ 1-0


[Site "https://www.chess.com"]

[Event "Titled Tuesday Blitz March 14 Late 2023"]
[White "Petukhov, Dmitry"]
[Black "Mickiewicz, Piotr"]
[WhiteFideId "4142748"]
[BlackFideId "1114891"]
[WhiteElo "2311"]
[BlackElo "2246"]
[Result "1-0"]
[Round "08"]
[TimeControl "180+2"]
[Date "2023.03.14"]
[WhiteClock "0:00:16"]
[BlackClock "0:00:11"]

1. e4 c6 2. d4 d5 3. Nd2 dxe4 4. Nxe4 Nf6 5. Nxf6+ gxf6 6. c3 Qd5 7. Nf3 Bf5 8. g3 Qe4+ 9. Qe2 e6 10. Bg2 Nd7 11. Be3 Qd3 12. Rd1 Qxe2+ 13. Kxe2 h5 14. Nh4 Bg6 15. Rhe1 Bd6 16. f4 f5 17. b4 a5 18. a3 axb4 19. axb4 Ke7 20. Ra1 Nb6 21. Kd3 Nd5 22. Bd2 b5 23. c4 bxc4+ 24. Kxc4 Kd7 25. b5 cxb5+ 26. Kxb5 Rab8+ 27. Kc4 Rhc8+ 28. Kd3 Rb3+ 29. Ke2 Rb2 30. Rec1 Bb4 31. Ra7+ Kd8 32. Rxc8+ Kxc8 33. Nf3 h4 34. Kd3 Bxd2 35. Nxd2 hxg3 36. hxg3 Bh5 37. Bxd5 exd5 38. Ra5 Kd7 39. Rxd5+ Ke6 40. Re5+ Kf6 41. d5 Bd1 42. Nc4 Rb3+ 43. Kd2 Rb1 44. Re1 Rb4 45. Kc3 Rb3+ 46. Kd4 Bf3 47. d6 Be4 48. g4 Rd3+ 49. Kc5 Rd5+ 50. Kb6 Rd4 51. g5+ Ke6 52. Rc1 Kd7 53. Kc5 Rd5+ 54. Kb4 Rd4 55. Kc3 Rd3+ 56. Kb4 Rf3 57. Ne5+ Kxd6 58. Nxf3 Bxf3 59. Kc4 Bd5+ 60. Kd4 Be6 61. Rc5 Bd7 62. Ra5 Be6 63. Ra6+ Kd7 64. Ke5 Ke7 65. g6 f6+ 66. Kd4 Bb3 67. Ra7+ Kf8 68. Kc5 Kg8 69. Kd6 Bc4 70. Rc7 Bb3 71. Rc3 Ba2 72. Ke7 Kg7 73. Rc6 Bb1 74. Rxf6 Be4 75. Rb6 Bd3 76. Rd6 Be4 77. Kd7 Bc2 78. Kc6 Be4+ 79. Kc5 1-0


[Site "https://www.chess.com"]

[Event "Titled Tuesday Blitz March 14 Late 2023"]
[White "Gallegos Diaz, Carlos Alberto"]
[Black "Kozin, Yuri"]
[WhiteFideId "3900886"]
[BlackFideId "4129920"]
[WhiteElo "2362"]
[BlackElo "2511"]
[Result "0-1"]
[Round "08"]
[TimeControl "180+2"]
[Date "2023.03.14"]
[WhiteClock "0:00:16"]
[BlackClock "0:00:11"]

1. e4 c5 2. Nf3 e6 3. d3 d5 4. Be2 Nf6 5. Nbd2 Nc6 6. O-O Be7 7. c3 O-O 8. Re1 b5 9. exd5 Nxd5 10. d4 cxd4 11. cxd4 a6 12. Ne4 Nf6 13. Nc3 Nb4 14. a4 bxa4 15. Qxa4 Bb7 16. Bg5 Nbd5 17. Ne5 h6 18. Bd2 Bd6 19. Bf3 Nxc3 20. bxc3 Bxe5 21. Bxb7 Bxh2+ 22. Kf1 Ra7 23. Bf3 Bd6 24. c4 Qc7 25. c5 Bf4 26. Ba5 Qc8 27. Bb6 Rd7 28. Qxa6 Rxd4 29. Qxc8 Rxc8 30. c6 Rd2 31. Reb1 Nd5 32. Bxd5 exd5 33. c7 Rc2 34. Ra7 Bxc7 35. Bxc7 R2xc7 36. Rxc7 Rxc7 37. Rb8+ Kh7 38. Rd8 Rc5 39. Ke2 f6 40. Kd3 Kg6 41. Rd6 Ra5 42. Rd7 h5 43. g3 Kh6 44. Ke3 g6 45. Rd6 Kg5 46. f4+ Kf5 47. Kf3 Ra3+ 48. Kf2 Ra2+ 49. Kf3 Ra5 50. Ke3 Rb5 51. Kf3 Rb3+ 52. Kf2 Rd3 53. Ke2 Rxg3 54. Rxd5+ Kxf4 55. Rd6 Kg5 56. Kf2 Rg4 57. Kf3 f5 58. Rd8 h4 59. Rh8 Rg3+ 60. Kf2 Kg4 61. Rg8 g5 62. Rh8 f4 63. Rh7 h3 64. Kf1 Rg2 65. Rg7 Kf3 66. Ke1 h2 67. Rh7 Rg1+ 68. Kd2 h1=Q 0-1


[Site "https://www.chess.com"]

[Event "Titled Tuesday Blitz March 14 Late 2023"]
[White "Munoz, Francisco Javier"]
[Black "Leonte, Sebastian-Marian"]
[WhiteFideId "128368"]
[BlackFideId "1268767"]
[WhiteElo "2383"]
[BlackElo "2347"]
[Result "1/2-1/2"]
[Round "08"]
[TimeControl "180+2"]
[Date "2023.03.14"]
[WhiteClock "0:00:05"]
[BlackClock "0:00:15"]

1. e4 e5 2. Nc3 Nc6 3. Nf3 Nf6 4. Bb5 Nd4 5. O-O Nxb5 6. Nxb5 c6 7. Nc3 d6 8. d4 exd4 9. Qxd4 Be7 10. b3 Qb6 11. Qd3 Bg4 12. Bb2 O-O-O 13. a4 a5 14. h3 Bh5 15. Nd4 Bg6 16. Nf5 Bxf5 17. exf5 d5 18. Ne2 Bc5 19. b4 axb4 20. a5 Qa7 21. a6 b5 22. Bd4 Ne4 23. Bxc5 Qxc5 24. Nd4 Kc7 25. Rfe1 Qc3 26. Qd1 Rhe8 27. Re3 Qc5 28. a7 Kb7 29. Nb3 Qb6 30. Qd4 Qxd4 31. Nxd4 Ra8 32. Rae1 Nd6 33. Re7+ Kb6 34. Rxe8 Nxe8 35. Re7 Nd6 36. Rd7 Nb7 37. Rxf7 Rxa7 38. Rxg7 Ra1+ 39. Kh2 Rd1 40. Ne6 Nd6 41. f6 Re1 42. Re7 Nf5 43. Re8 Nd6 44. Re7 Nf5 45. Re8 Nd6 46. Re7 1/2-1/2


[Site "https://www.chess.com"]

[Event "Titled Tuesday Blitz March 14 Late 2023"]
[White "Sokolin, Leonid"]
[Black "Sreyas Payyappat"]
[WhiteFideId "2009161"]
[BlackFideId "46674969"]
[WhiteElo "2394"]
[BlackElo "2083"]
[Result "1-0"]
[Round "08"]
[TimeControl "180+2"]
[Date "2023.03.14"]
[WhiteClock "0:01:02"]
[BlackClock "0:01:04"]

1. e4 c6 2. d4 d5 3. e5 Bf5 4. g4 Bd7 5. Nc3 c5 6. dxc5 Bc6 7. Bg2 e6 8. b4 Na6 9. b5 Bxb5 10. Nxb5 Qa5+ 11. Bd2 Qxb5 12. Rb1 Qc6 13. c4 Ne7 14. Ne2 g6 15. Bg5 O-O-O 16. cxd5 exd5 17. O-O Rd7 18. Nd4 Qc7 19. Bf6 Rg8 20. Nb5 Qc6 21. Nxa7+ 1-0


[Site "https://www.chess.com"]

[Event "Titled Tuesday Blitz March 14 Late 2023"]
[White "Gasparyan, David"]
[Black "Bove, Alessandro"]
[WhiteFideId "13311980"]
[BlackFideId "814121"]
[WhiteElo "2500"]
[BlackElo "2387"]
[Result "1-0"]
[Round "08"]
[TimeControl "180+2"]
[Date "2023.03.14"]
[WhiteClock "0:01:19"]
[BlackClock "0:01:42"]

1. Nf3 Nf6 2. g3 c6 3. Bg2 d5 4. O-O e6 5. d4 Bd6 6. c4 Ne4 7. Nc3 f5 8. cxd5 exd5 9. Nxe4 fxe4 10. Ne5 O-O 11. f3 exf3 12. exf3 Nd7 13. f4 Qe7 14. Kh1 Nf6 15. Qb3 Kh8 16. Be3 Ng4 17. Bg1 Rf6 18. Rae1 Qf8 19. h3 Nh6 20. Bh2 g6 21. g4 Bxe5 22. fxe5 Rxf1+ 23. Rxf1 Qe7 24. Qe3 Kg7 25. Bf4 Ng8 26. Bg5 Qe6 27. Bf6+ Nxf6 28. exf6+ Kf7 29. Qh6 1-0


[Site "https://www.chess.com"]

[Event "Titled Tuesday Blitz March 14 Late 2023"]
[White "Kalajzic, Ivan"]
[Black "Sonnenschein, Philipp"]
[WhiteFideId "14506378"]
[BlackFideId "16250877"]
[WhiteElo "2203"]
[BlackElo "2224"]
[Result "0-1"]
[Round "08"]
[TimeControl "180+2"]
[Date "2023.03.14"]
[WhiteClock "0:00:51"]
[BlackClock "0:01:49"]

1. b3 e5 2. Bb2 Nc6 3. e3 d5 4. Bb5 Ne7 5. Bxe5 a6 6. Bxc6+ Nxc6 7. Bg3 h5 8. h4 d4 9. Nf3 Bd6 10. Bxd6 Qxd6 11. exd4 Bg4 12. c3 O-O-O 13. O-O g5 14. hxg5 f6 15. d3 fxg5 16. Nbd2 Rdf8 17. Re1 h4 18. Qe2 h3 19. Qe3 hxg2 20. Ne5 Qh6 0-1


[Site "https://www.chess.com"]

[Event "Titled Tuesday Blitz March 14 Late 2023"]
[White "Kohler, Aran"]
[Black "Sanchez Alvares, Kelvin Antonio"]
[WhiteFideId "1002856"]
[BlackFideId "3906680"]
[WhiteElo "2266"]
[BlackElo "2217"]
[Result "0-1"]
[Round "08"]
[TimeControl "180+2"]
[Date "2023.03.14"]
[WhiteClock "0:00:06"]
[BlackClock "0:01:14"]

1. Nf3 d5 2. d4 Nf6 3. Bg5 Ne4 4. h4 c6 5. c3 Bf5 6. Nbd2 Nd7 7. Bf4 Qb6 8. Qb3 e6 9. e3 Be7 10. Ne5 Nxe5 11. Bxe5 Nxd2 12. Qxb6 axb6 13. Kxd2 f6 14. Bg3 b5 15. Bd3 b4 16. Bxf5 exf5 17. Rhc1 b5 18. cxb4 Bxb4+ 19. Kd3 Kd7 20. a3 Be7 21. b4 Ra4 22. Kc3 Rha8 23. Kb2 g6 24. f4 h6 25. Be1 Ke6 26. Bd2 Kd7 27. Kb3 Rg8 28. Rg1 g5 29. g3 Raa8 30. Raf1 gxh4 31. gxh4 Rg4 32. Rxg4 fxg4 33. Be1 h5 34. f5 Bd6 35. Rg1 Re8 36. Bd2 g3 37. a4 bxa4+ 38. Kxa4 Re4 39. b5 cxb5+ 40. Kxb5 Rxh4 41. Ra1 g2 42. Rg1 Rg4 43. Be1 h4 44. Bxh4 Rxh4 45. Rxg2 Rh3 46. Rg7+ Be7 47. e4 dxe4 48. Kc4 Rf3 49. d5 Rxf5 50. Kd4 Re5 51. Rg3 e3 0-1


[Site "https://www.chess.com"]

[Event "Titled Tuesday Blitz March 14 Late 2023"]
[White "ArchibaldCerveza29"]
[Black "Biriukov, Ilja"]
[BlackFideId "4113373"]
[WhiteElo "2494"]
[BlackElo "2426"]
[Result "1-0"]
[Round "08"]
[TimeControl "180+2"]
[Date "2023.03.14"]
[WhiteClock "0:00:22"]
[BlackClock "0:00:01"]

1. e4 c5 2. Nf3 d6 3. d4 cxd4 4. Nxd4 Nf6 5. Nc3 a6 6. Rg1 e5 7. Nb3 Be6 8. g4 h6 9. Qf3 Nc6 10. g5 hxg5 11. Bxg5 Be7 12. O-O-O Qc7 13. Be3 Rh7 14. Nd5 Bxd5 15. exd5 Nb4 16. c3 Rc8 17. Bd2 Nbxd5 18. Bd3 g6 19. Bg5 Kf8 20. Kb1 Kg7 21. Bf5 Rch8 22. Rxd5 Nxd5 23. Qxd5 Rxh2 24. Be3 Bh4 25. Qf3 Qc4 26. Nd2 Qa4 27. Bc2 Qb5 28. Ne4 Qc6 29. Qg4 Be7 30. Ng3 Rg2 31. Rxg2 Kf8 32. Rg1 Bf6 33. Ne4 Bg7 34. Bg5 b5 35. Bf6 Bxf6 36. Nxf6 Ke7 37. Ne4 Rc8 38. Qg5+ Kf8 39. Qf6 1-0


[Site "https://www.chess.com"]

[Event "Titled Tuesday Blitz March 14 Late 2023"]
[White "Salgado Lopez, Ivan"]
[Black "Womacka, Mathias"]
[WhiteFideId "2257327"]
[BlackFideId "4611390"]
[WhiteElo "2571"]
[BlackElo "2377"]
[Result "0-1"]
[Round "08"]
[TimeControl "180+2"]
[Date "2023.03.14"]
[WhiteClock "0:00:04"]
[BlackClock "0:00:26"]

1. d4 Nf6 2. Bg5 Ne4 3. Bh4 c5 4. f3 Nf6 5. d5 Qb6 6. e4 Qxb2 7. Nd2 d6 8. Rb1 Qxa2 9. Nc4 b5 10. Ra1 Qxa1 11. Qxa1 bxc4 12. Bxc4 Nbd7 13. Bb5 Rb8 14. Bc6 g6 15. Ne2 Bg7 16. c3 O-O 17. O-O Ne5 18. Qxa7 Bd7 19. Bxf6 Bxf6 20. Bxd7 Ra8 21. Qc7 Ra2 22. Bb5 Rb2 23. c4 Rxe2 24. Ra1 Nxf3+ 25. gxf3 Bxa1 26. Qxe7 Be5 27. Qb7 Rxh2 28. f4 Bxf4 29. e5 Bxe5 30. Bd7 Rc2 31. Bg4 Rxc4 32. Bf3 Rc3 33. Kg2 Kg7 34. Qd7 Rb8 0-1


[Site "https://www.chess.com"]

[Event "Titled Tuesday Blitz March 14 Late 2023"]
[White "Grycel, Kamil"]
[Black "ritanovikova"]
[WhiteFideId "1115499"]
[WhiteElo "2467"]
[BlackElo "2194"]
[Result "0-1"]
[Round "08"]
[TimeControl "180+2"]
[Date "2023.03.14"]
[WhiteClock "0:00:12"]
[BlackClock "0:00:53"]

1. b3 Nf6 2. Bb2 g6 3. Bxf6 exf6 4. c4 Bg7 5. Nc3 O-O 6. Rc1 c6 7. Nf3 f5 8. e3 d5 9. cxd5 cxd5 10. d4 f4 11. exf4 Re8+ 12. Be2 Bh6 13. O-O Bxf4 14. Ra1 Nc6 15. Re1 Bf5 16. g3 Bc7 17. Nh4 Be6 18. Qd3 Bb6 19. Nf3 Bg4 20. Rad1 Bf5 21. Qb5 Ba5 22. Rc1 a6 23. Qxd5 Qxd5 24. Nxd5 Bxe1 25. Nf6+ Kf8 26. Nxe8 Rxe8 27. Rxe1 Bg4 28. Kf1 Bh3+ 29. Kg1 Bg4 30. Kf1 Rd8 31. Ne5 Bh3+ 32. Kg1 Nxd4 33. Bc4 f6 34. Bf1 fxe5 0-1


[Site "https://www.chess.com"]

[Event "Titled Tuesday Blitz March 14 Late 2023"]
[White "Bach, Matthias"]
[Black "Campelo, Leandro Fabricio"]
[WhiteFideId "4603168"]
[BlackFideId "2103346"]
[WhiteElo "2165"]
[BlackElo "2070"]
[Result "0-1"]
[Round "08"]
[TimeControl "180+2"]
[Date "2023.03.14"]
[WhiteClock "0:00:05"]
[BlackClock "0:00:17"]

1. d4 Nf6 2. c4 g6 3. Nc3 Bg7 4. e4 d6 5. f4 O-O 6. Nf3 c5 7. d5 e6 8. Be2 exd5 9. cxd5 Nbd7 10. O-O Re8 11. Qc2 Qe7 12. Nd2 c4 13. Bf3 Nc5 14. Re1 Nd3 15. Rf1 Nxf4 16. Nxc4 N4h5 17. e5 dxe5 18. Bg5 h6 19. Bxf6 Nxf6 20. Rae1 Qc5+ 21. Ne3 e4 22. Bd1 Bg4 23. Kh1 Bxd1 24. Qxd1 Rad8 25. Qb3 b6 26. a3 Nd7 27. Ng4 f5 28. Nf2 Ne5 29. Nh3 Nd3 30. Rd1 Kh7 31. Nf4 Nf2+ 32. Rxf2 Qxf2 33. Ne6 Rd6 34. Qb5 Re7 35. Rf1 Qh4 36. Qb4 Be5 37. h3 Qg3 38. Kg1 Qh2+ 39. Kf2 Qg3+ 40. Kg1 Qh2+ 41. Kf2 Bg3+ 42. Ke2 Qxg2+ 43. Ke3 Qxf1 0-1


[Site "https://www.chess.com"]

[Event "Titled Tuesday Blitz March 14 Late 2023"]
[White "Lorenzo De La Riva, Lazaro"]
[Black "Golubka, Petro"]
[WhiteFideId "2268809"]
[BlackFideId "14114224"]
[WhiteElo "2294"]
[BlackElo "2391"]
[Result "0-1"]
[Round "08"]
[TimeControl "180+2"]
[Date "2023.03.14"]
[WhiteClock "0:00:06"]
[BlackClock "0:00:52"]

1. d4 Nf6 2. Nf3 e6 3. e3 Bb4+ 4. c3 Be7 5. Bd3 d6 6. O-O Nbd7 7. Nbd2 O-O 8. Re1 e5 9. e4 a5 10. a4 b6 11. Nf1 Bb7 12. Ng3 Re8 13. h3 Bf8 14. d5 c6 15. c4 Nc5 16. Bc2 h6 17. dxc6 Bxc6 18. b3 Qc7 19. Nh4 Qb7 20. Qf3 Re6 21. Nhf5 Kh7 22. Bd2 g6 23. Nh4 Bg7 24. Qe2 Kg8 25. Nf3 Qc7 26. Rad1 Bf8 27. Bc1 Kh7 28. Nh2 Rae8 29. Ng4 Qb7 30. Nxf6+ Rxf6 31. f3 Rfe6 32. Nf1 h5 33. Ne3 Bh6 34. Nd5 Bxc1 35. Rxc1 Bxd5 36. exd5 Rf6 37. g4 h4 38. Kg2 Kg7 39. Qd2 Qe7 40. Re2 Rf4 41. Rce1 Qf6 42. Re3 Rd8 43. Qe2 Qg5 44. Qf2 Rf8 45. Qe2 Kh6 46. Kh2 f6 47. Rg1 Rd4 48. Rg2 Qf4+ 49. Kg1 Kg5 50. Qe1 Rg8 51. Be4 Rh8 52. Bc2 Re8 53. Rge2 Qg3+ 54. Qxg3 hxg3 55. Kg2 Kf4 56. Bxg6 Rh8 57. Bc2 Rh4 58. Re1 Rd2+ 59. R1e2 Rxc2 60. Rd2 Kxe3 61. Rxc2 Kf4 62. Rb2 f5 63. Rb1 Nd3 64. Rd1 Nf2 65. Rd2 Rxh3 66. gxf5 Rh2+ 67. Kg1 Nh3+ 0-1


[Site "https://www.chess.com"]

[Event "Titled Tuesday Blitz March 14 Late 2023"]
[White "Fishbein, Alexander"]
[Black "Rios Escobar, Adan"]
[WhiteFideId "2000377"]
[BlackFideId "3403645"]
[WhiteElo "2415"]
[BlackElo "2370"]
[Result "1-0"]
[Round "08"]
[TimeControl "180+2"]
[Date "2023.03.14"]
[WhiteClock "0:00:55"]
[BlackClock "0:00:01"]

1. e4 c5 2. Nf3 d6 3. d4 cxd4 4. Nxd4 Nf6 5. Nc3 a6 6. a4 e5 7. Nf3 Be7 8. Bg5 h6 9. Bxf6 Bxf6 10. Bc4 Be6 11. Nd5 Nd7 12. O-O Qc8 13. Bb3 O-O 14. Nxf6+ Nxf6 15. Qxd6 Bxb3 16. cxb3 Nxe4 17. Qxe5 Re8 18. Qd4 Qf5 19. Rfe1 Rad8 20. Qe3 Nf6 21. Qb6 Qd5 22. h3 Rxe1+ 23. Rxe1 Rd6 24. Qb4 a5 25. Qc4 Qxc4 26. bxc4 Rb6 27. Re7 Rxb2 28. Ne5 Re2 29. f4 Re4 30. Rxb7 Rxf4 31. c5 Rxa4 32. c6 Ra1+ 33. Kh2 Nd5 34. Rd7 Nb6 35. Rxf7 Rc1 36. Rb7 Nd5 37. Rd7 Nb6 38. Rb7 Nd5 39. Rb5 Nc7 40. Rxa5 Kf8 41. Ra7 Nd5 42. Ng6+ Ke8 43. Ne5 g5 44. Rd7 Nb6 45. Rd6 Nc8 46. Rxh6 Kd8 47. Rh7 Rc5 48. Nf7+ Kc7 49. Nxg5+ Kxc6 50. Ne4 Rd5 51. Rh6+ Kd7 52. Nf6+ Ke6 53. Nxd5+ Kxd5 54. g4 Ne7 55. Kg3 Ke5 56. Rh5+ Kf6 57. Ra5 Kg6 58. h4 Kf6 59. h5 Ng8 60. Kh4 Kg7 61. g5 Kf7 62. Ra7+ 1-0


[Site "https://www.chess.com"]

[Event "Titled Tuesday Blitz March 14 Late 2023"]
[White "Heinemann, Josefine"]
[Black "DeyanKostov"]
[WhiteFideId "12900460"]
[WhiteElo "2342"]
[BlackElo "2331"]
[Result "1-0"]
[Round "08"]
[TimeControl "180+2"]
[Date "2023.03.14"]
[WhiteClock "0:00:23"]
[BlackClock "0:00:11"]

1. e4 c5 2. Nf3 d6 3. d4 Nf6 4. Nc3 cxd4 5. Nxd4 Nc6 6. Bg5 Bd7 7. Qd2 Rc8 8. O-O-O Nxd4 9. Qxd4 Qa5 10. f4 Rxc3 11. Bxf6 gxf6 12. Qxc3 Qxc3 13. bxc3 Bg7 14. f5 Bh6+ 15. Kb2 Bf4 16. Bc4 O-O 17. Bb3 Rc8 18. a4 Be5 19. Rd3 Bc6 20. Re1 a5 21. h4 b5 22. axb5 Bxb5 23. Rh3 a4 24. Bd5 Bd7 25. g4 e6 26. fxe6 fxe6 27. Ba2 Rb8+ 28. Kc1 Rc8 29. g5 fxg5 30. hxg5 Bf4+ 31. Kd1 Bxg5 32. Rg1 h6 33. Rxh6 Kg7 34. Rh5 Kf6 35. Rhxg5 Rxc3 36. Kd2 Ra3 37. Bc4 Rh3 38. Rg6+ Ke5 39. R1g5+ Kd4 40. Bxe6 a3 41. Bxh3 a2 42. Ra5 Bxh3 43. Rxd6+ Kxe4 44. Rxa2 Ke5 45. Rd3 Bf5 46. Ra5+ Kf6 47. Rf3 1-0


[Site "https://www.chess.com"]

[Event "Titled Tuesday Blitz March 14 Late 2023"]
[White "Meunier-Pion, Jean"]
[Black "Winslow, Elliott"]
[WhiteFideId "20685327"]
[BlackFideId "2002523"]
[WhiteElo "2124"]
[BlackElo "2217"]
[Result "0-1"]
[Round "08"]
[TimeControl "180+2"]
[Date "2023.03.14"]
[WhiteClock "0:00:06"]
[BlackClock "0:00:59"]

1. d4 Nf6 2. c4 g6 3. g3 Bg7 4. Bg2 O-O 5. Nc3 d6 6. Nf3 Nbd7 7. O-O e5 8. e3 Re8 9. b4 h5 10. c5 e4 11. Ng5 d5 12. h4 c6 13. b5 Nf8 14. Rb1 Ne6 15. Nh3 Bh6 16. Bd2 g5 17. hxg5 Nxg5 18. Nf4 Bg4 19. Qa4 Qd7 20. bxc6 bxc6 21. Qa6 Rab8 22. Na4 h4 23. gxh4 Nf3+ 24. Kh1 Bxf4 25. exf4 Kg7 26. Rxb8 Rxb8 27. Be3 Rh8 28. Bxf3 Bxf3+ 29. Kg1 Qg4+ 30. Kh2 Qg2# 0-1


[Site "https://www.chess.com"]